 Dungeon Crawl Stone Soup version 0.32-a0-909-gc671339a80 (webtiles) character file.

Game seed: 10021209935858082446

138 GiantSquids the Trooper (level 5, -1/46 HPs)
             Began as a Mountain Dwarf Fighter on Apr 6, 2024.
             Slain by Natasha (6 damage)
             ... on level 3 of the Dungeon.
             The game lasted 00:02:14 (2113 turns).

GiantSquids the Trooper (Mountain Dwarf Fighter)    Turns: 2113, Time: 00:02:14

Health: -1/46      AC:  7    Str: 21    XL:     5   Next: 1%
Magic:  5/5        EV:  8    Int:  8    God:
Gold:   114        SH:  4    Dex:  9    Spells: 4/4 levels left

rFire   . . .        a - +0 war axe
rCold   . . .        c - +0 buckler
rNeg    . . .        b - +0 scale mail
rPois   .            (no helmet)
rElec   .            (no cloak)
rCorr   .            (no gloves)
SInv    .            (no boots)
Will    .....        (no amulet) Stlth
                     (no ring)
HPRegen 0.27/turn    (no ring)
MPRegen 0.09/turn

%: no passive effects
@: no status effects
A: runic magic, artefact enchanting
a: no special abilities


You were on level 3 of the Dungeon.
You visited 1 branch of the dungeon, and saw 3 of its levels.

You collected 114 gold pieces.

Inventory:

Hand Weapons
 a - a +0 war axe (weapon)
Armour
 b - a +0 scale mail (worn)
 c - a +0 buckler (worn)
Wands
 l - a wand of flame (5)
Scrolls
 e - a scroll of enchant weapon {unknown}
 f - 4 scrolls of identify {unknown}
 g - a scroll of immolation {unknown}
 i - a scroll of blinking {unknown}
 n - a scroll of fear {unknown}
 o - a scroll of amnesia {unknown}
Potions
 d - a potion of might
 h - 2 potions of heal wounds {unknown}
 j - 2 potions of curing {unknown}
 k - a potion of degeneration {unknown}
 m - a potion of mutation {unknown}
 p - a potion of resistance {unknown}


   Skills:
 + Level 4.3 Fighting
 + Level 4.0 Axes
 + Level 4.2 Armour
 - Level 4.0 Shields


You had 4 spell levels left.
You didn't know any spells.
Your spell library contained the following spells:

 Spells                   Type           Power      Damage    Failure   Level
 Freeze                   Ice            0%         1d3       56%         1
 Frozen Ramparts          Ice            0%         1d1       90%         3
 Hailstorm                Conj/Ice       0%         3d5       90%         3
 Leda's Liquefaction      Alch/Erth      0%         N/A       100%        4
 Freezing Cloud           Conj/Ice/Air   0%         6-21      100%        5


Dungeon Overview and Level Annotations

Branches:
Dungeon (3/15)

Altars:

Shops:
D:1 (

Annotations:
D:2 1 runed translucent door, Crazy Yiuf
D:3 Natasha


Innate Abilities, Weirdness & Mutations

Your spellcasting is much less encumbered by armour.
You can use scrolls of enchantment on lesser artefacts.


Message History

The cerulean imp is almost dead.
You slash Natasha! Natasha claws you! The cerulean imp closely misses you.
You block Natasha's attack.
The cerulean imp hits you with a +0 spear.
You barely miss the cerulean imp.
The cerulean imp is almost dead.
You hit Natasha. You block Natasha's attack.
The cerulean imp hits you but does no damage.
You barely miss the cerulean imp.
The cerulean imp is almost dead.
You miss Natasha.
Natasha casts a spell.
The cerulean imp hits you with a +0 spear.
You barely miss the cerulean imp.
The cerulean imp is almost dead.
You closely miss Natasha. Natasha claws you!
The cerulean imp barely misses you.
Natasha zaps a wand.
The puff of flame hits you. The cerulean imp closely misses you.
You miss the cerulean imp.
The cerulean imp is almost dead.
You barely miss Natasha.
The cerulean imp disappears in a puff of smoke!
Natasha claws you!
* * * LOW HITPOINT WARNING * * *
The cerulean imp barely misses you.
You hit Natasha.
Natasha is almost dead.
You completely miss the cerulean imp.
Natasha zaps a wand.
The puff of flame hits you.
* * * LOW HITPOINT WARNING * * *
The cerulean imp hits you with a +0 spear.
* * * LOW HITPOINT WARNING * * *
You barely miss Natasha.
Natasha is almost dead.
You hit the cerulean imp.
Natasha mumbles some strange words.
The cerulean imp hits you but does no damage.
Natasha claws you.
You die...
Natasha begins licking her fur clean.

... ... ...
..#.# ...55
#.#l# #.#h#
#.#@# #.#5# ###
.######†#†# ..#
..........# ..#
######.###
#.###.########.#
.....#.........#
#.###.########.#
#..............#


You could see Natasha, 3 cerulean imps and a frilled lizard.

Vanquished Creatures
  Terence (D:2)
  Jessica (D:2)
  2 adders (D:2)
  4 dart slugs
  7 ball pythons
  11 endoplasms
  3 giant cockroaches
  3 hobgoblins
  A jackal (D:3)
  5 kobolds
  3 quokkas
  4 bats
  5 frilled lizards
  3 goblins
  5 rats
58 creatures vanquished.

Notes
Turn   | Place    | Note
-------+----------+-------------------------------------------
     0 | D:1      | GiantSquids the Mountain Dwarf Fighter began the quest for
                  | the Orb.
     0 | D:1      | Reached XP level 1. HP: 19/19 MP: 1/1
    48 | D:1      | Got the Exposition on Hyperborean Flux
   115 | D:1      | Reached XP level 2. HP: 23/26 MP: 2/2
   276 | D:1      | Found Pitoagat's Antique Weapon Shoppe.
   476 | D:1      | Reached XP level 3. HP: 33/33 MP: 3/3
  1421 | D:2      | Noticed Jessica
  1426 | D:2      | Killed Jessica
  1427 | D:2      | Reached XP level 4. HP: 17/40 MP: 4/4
  1602 | D:2      | Found a runed translucent door.
  1603 | D:2      | Noticed Crazy Yiuf
  1698 | D:2      | Noticed Terence
  1710 | D:2      | Killed Terence
  2097 | D:3      | Reached XP level 5. HP: 44/46 MP: 5/5
  2098 | D:3      | Noticed Natasha
  2113 | D:3      | Slain by Natasha

Illustrated notes

Levels and vault maps discovered:
D:1:      spicycebolla_green_bress_n_ham_2, layout_basic, serial_shops, shop,
          minmay_pentomino_x2
D:2:      layout_basic, uniq_jessica, uniq_terence, uniq_crazy_yiuf_cottage
D:3:      layout_loops_ring, old_standard_altar, minmay_tree_intersection,
          amcnicky_mini_corridor_feature, grunt_ministairs_9, minmay_unequal,
          uniq_natasha

Skill      XL: |  1  2  3  4  5 |
---------------+----------------+-----
Axes           | 3 4 |  4.0
Fighting       | 4 |  4.3
Armour         | 4 |  4.2
Shields        | 4 |  4.0

Action                     |  1- 3 |  4- 6 || total
---------------------------+-------+-------++-------
  Melee: War axe           |   169 |    49 ||   218
 Armour: Scale mail        |   141 |    52 ||   193
  Dodge: Dodged            |    86 |    26 ||   112
  Block: Buckler           |    37 |     9 ||    46

Table legend: (Time is in decaauts)
 A = Elapsed time spent in this place.
 B = Non-inter-level travel time spent in this place.
 C = Inter-level travel time spent in this place.
 D = Time resting spent in this place.
 E = Time spent auto-exploring this place.
 F = Levels seen in this place.
 G = Mean time per level.
                   A        B        C        D        E       F      G
               +--------+--------+--------+--------+--------+-----+--------+
         Total |   2195 |   2142 |     53 |      0 |   1696 |   3 |  731.7 |
       Dungeon |   2195 |   2142 |     53 |      0 |   1696 |   3 |  731.7 |
               +--------+--------+--------+--------+--------+-----+--------+

Top non-repeatable levels by time:
     D:2: 1155 daAuts
     D:1: 886 daAuts
     D:3: 153 daAuts
